 Dungeon Crawl Stone Soup version 0.31-a0-234-gad7ace16ef (webtiles) character file.

Game seed: 16786558824403995974

14 Nattfarinn the Stinger (level 2, -1/19 HPs)
             Began as a Demonspawn Venom Mage on July 10, 2023.
             Slain by a hobgoblin (5 damage)
             ... led by Robin
             ... on level 1 of the Dungeon.
             The game lasted 00:02:03 (1328 turns).

Nattfarinn the Stinger (Demonspawn Venom Mage)      Turns: 1328, Time: 00:02:03

Health: -1/19      AC:  2    Str:  8    XL:     2   Next: 27%
Magic:  2/5        EV: 12    Int: 16    God:
Gold:   30         SH:  0    Dex: 13    Spells: 2/5 levels left

rFire   . . .        i - +0 spear
rCold   . . .        (no shield)
rNeg    . . .        a - +0 robe
rPois   .            (no helmet)
rElec   .            (no cloak)
rCorr   .            (no gloves)
SInv    .            (no boots)
Will    .....        (no amulet)
Stlth   ++           (no ring)
HPRegen 0.23/turn    (no ring)
MPRegen 0.09/turn

%: no passive effects
@: no status effects
A: weakness stinger 1
a: no special abilities


You were on level 1 of the Dungeon.
You visited 1 branch of the dungeon, and saw 2 of its levels.

You collected 30 gold pieces.

Inventory:

Hand Weapons
 i - a +0 spear (weapon)
Armour
 a - a +0 robe (worn)
Scrolls
 d - a scroll of noise {unknown}
 e - a scroll of brand weapon {unknown}
 h - a scroll of immolation {unknown}
Potions
 b - a potion of magic
 c - 2 potions of enlightenment {unknown}
 f - a potion of resistance {unknown}
 g - a potion of curing {unknown}


   Skills:
 - Level 1.7 Dodging
 - Level 1.7 Stealth
 + Level 2.3 Spellcasting
 - Level 0.8 Transmutations
 * Level 3.5 Poison Magic


You had 2 spell levels left.
You knew the following spells:

 Your Spells              Type           Power      Damage    Failure   Level
a - Sting                 Tmut/Pois      32%        1d4       9%          1
b - Poisonous Vapours     Pois/Air       14%        N/A       14%         2

Your spell library contained the following spells:

 Spells                   Type           Power      Damage    Failure   Level
 Mephitic Cloud           Conj/Pois/Air  5%         N/A       36%         3
 Olgreb's Toxic Radiance  Pois           13%        N/A       43%         4


Dungeon Overview and Level Annotations

Branches:
Dungeon (2/15)

Altars:

Annotations:
D:2 Robin


Innate Abilities, Weirdness & Mutations

You have a small tail.


Message History

Aim: Robin, wielding a +0 club, wearing a +2 animal skin and wearing a +0 helmet (severely wounded, poisoned)
You miscast Poisonous Vapours.
You are very lightly contaminated with residual magic.
Nothing appears to happen.
The hobgoblin attacks as you move away! The hobgoblin barely misses you.
The hobgoblin no longer looks unusually strong. x2
Robin roars a battlecry!
The hobgoblins go into a battle-frenzy!
The hobgoblin attacks as you move away! The hobgoblin closely misses you.
Robin looks more healthy.
Your magical contamination has completely faded away.
The goblin no longer looks unusually strong.
Robin roars a battlecry!
The goblin goes into a battle-frenzy!
The hobgoblin attacks as you move away! The hobgoblin hits you.
The hobgoblin attacks as you move away! The hobgoblin barely misses you.
The hobgoblin attacks as you move away! The hobgoblin hits you.
The hobgoblin attacks as you move away! The hobgoblin closely misses you.
You see here a bat corpse.
The hobgoblin no longer looks unusually strong.
Robin roars a battlecry!
The hobgoblin goes into a battle-frenzy!
The hobgoblin attacks as you move away! The hobgoblin hits you.
* * * LOW HITPOINT WARNING * * *
The hobgoblin no longer looks unusually strong.
There is a stone staircase leading up here.
Okay, then.
The goblin no longer looks unusually strong.
The hobgoblin hits you.
* * * LOW HITPOINT WARNING * * *
Robin says, "My army is invincible!"
You climb upwards.
There is a stone staircase leading down here.
You hit the hobgoblin.
Your tail-slap misses the hobgoblin.
The hobgoblin is severely wounded.
The hobgoblin barely misses you.
You barely miss the hobgoblin.
The hobgoblin is severely wounded.
The hobgoblin hits you.
You die...

.# #...#####.#
#######.........#
.# #...#####.#
#........##.....#
.#####........#
#.#####......#..#
)......########
#.# #.........#
######.....# #.#
#.######.##
#####.# ##.# #.#
#.# #.# #..# #.#
#.# #.# #.## #.#
#.# #.# #@# #.#
#.# ########.#
#g# #.# #.#
#........# #.#
##.######.##
#.######.# #.#
#......†.... #.#
##.# #.#
#..########. #.#
#~.# #.# #..# #.
#.# ##~.# #.#
#..# #. #.# #~~~#
#.# #..###### #.
#.####~~######.#
#.......# #.


You could see a hobgoblin.

Vanquished Creatures
  4 bats
  An endoplasm (D:1)
  A giant cockroach (D:1)
  A quokka (D:1)
  5 ball pythons (D:1)
  A frilled lizard (D:1)
  A kobold (D:1)
14 creatures vanquished.

Notes
Turn   | Place    | Note
-------+----------+-------------------------------------------
     0 | D:1      | Nattfarinn the Demonspawn Venom Mage began the quest for
                  | the Orb.
     0 | D:1      | Reached XP level 1. HP: 13/13 MP: 3/3
   374 | D:1      | Gained mutation: You have a small tail. [demonic ancestry]
   374 | D:1      | Reached XP level 2. HP: 19/19 MP: 0/5
  1285 | D:2      | Noticed Robin
  1290 | D:2      | Learned a level 2 spell: Poisonous Vapours
  1328 | D:1      | Slain by a hobgoblin

Illustrated notes

Levels and vault maps discovered:
D:1:      dpeg_arrival_rooms_b, layout_loops_ring, minmay_misc_feat_columns,
          chequers_serial_rivers_large_b
D:2:      layout_basic, serial_shops, shop, uniq_sigmund, uniq_robin

Action                     || total
---------------------------++-------
  Melee: Unarmed           ||    16
         Punch             ||     1
         Spear             ||     9
   Cast: Sting             ||    25
         Poisonous Vapours ||     2
 Armour: Robe              ||    13
  Dodge: Dodged            ||    37

Table legend: (Time is in decaauts)
 A = Elapsed time spent in this place.
 B = Non-inter-level travel time spent in this place.
 C = Inter-level travel time spent in this place.
 D = Time resting spent in this place.
 E = Time spent auto-exploring this place.
 F = Levels seen in this place.
 G = Mean time per level.
                   A        B        C        D        E       F      G
               +--------+--------+--------+--------+--------+-----+--------+
         Total |   1356 |   1267 |     89 |     26 |   1077 |   2 |  678.0 |
       Dungeon |   1356 |   1267 |     89 |     26 |   1077 |   2 |  678.0 |
               +--------+--------+--------+--------+--------+-----+--------+

Top non-repeatable levels by time:
     D:1: 1277 daAuts
     D:2: 79 daAuts
